 Dungeon Crawl Stone Soup version 0.29.1-1-gd02db6906a (webtiles) character file.

Game seed: 12184761372062418110

69 xian the Sneak (level 4, -1/27 HPs)
             Began as a Kobold Brigand on Sept 21, 2022.
             Constricted to death by Ijyb (7 damage)
             ... on level 3 of the Dungeon.
             The game lasted 00:04:10 (1648 turns).

xian the Sneak (Kobold Brigand)                     Turns: 1648, Time: 00:04:10

Health: -1/27      AC:  3    Str: 10    XL:     4   Next: 42%
Magic:  4/4        EV: 15    Int: 12    God:
Gold:   112        SH:  0    Dex: 16    Spells: 3/3 levels left

rFire   . . .      SeeInvis .   a - +2 dagger
rCold   . . .      Faith    .   l - orb {*Rage}
rNeg    . . .      Spirit   .   b - +0 robe
rPois   .          Reflect  .   (no helmet)
rElec   .          Harm     .   c - +0 cloak
rCorr   .          Rampage  .   (no gloves)
Will    .....      Rage     20% (no boots)
Stlth   +++++.....              (no amulet)
HPRegen 0.09/turn               p - +4 ring of evasion
MPRegen 0.09/turn               (no ring)

@: grasped by roots, on berserk cooldown, constricted
A: small, no large weapons, nightstalker 3
a: no special abilities


You were on level 3 of the Dungeon.
You visited 1 branch of the dungeon, and saw 3 of its levels.

You collected 112 gold pieces.

Inventory:

Hand Weapons
 a - a +2 dagger (weapon)
Missiles
 d - 9 poisoned darts (quivered)
 e - 3 curare-tipped darts
Armour
 b - a +0 robe (worn)
 c - a +0 cloak (worn)
 l - an orb of wrath (worn)
 q - a +0 cloak
Jewellery
 p - a +4 ring of evasion (left hand)
Wands
 n - a wand of quicksilver (4)
Scrolls
 i - a scroll of vulnerability
Potions
 f - a potion of haste {unknown}
 g - a potion of magic {unknown}
 h - 2 potions of brilliance {unknown}
 j - 2 potions of curing
 k - a potion of heal wounds
 m - a potion of might {unknown}
 o - a potion of lignification


   Skills:
 + Level 2.4 Fighting
 + Level 3.2 Short Blades
 + Level 2.5 Throwing
 + Level 1.3 Dodging
 + Level 7.1 Stealth


You had 3 spell levels left.
You didn't know any spells.
Your spell library was empty.

Dungeon Overview and Level Annotations

Branches:
Dungeon (3/15)

Altars:
Kikubaaqudgha

Annotations:
D:3 Ijyb


Innate Abilities, Weirdness & Mutations

You are small and have problems with some larger weapons.
You are completely attuned to the shadows.


Message History

Ijyb zaps a wand.
The roots erupt in riotous growth!
The grasping roots grab you!
Ijyb is unaffected.
The grasping roots constrict you.
You hit Ijyb.
Ijyb is lightly wounded.
Ijyb barely misses you. The grasping roots constrict you.
You hit Ijyb but do no damage.
Ijyb is lightly wounded.
Ijyb hits you with a +5 club. The grasping roots constrict you.
The grasping roots release their grip on you.
You barely miss Ijyb.
Ijyb is lightly wounded.
You hit Ijyb.
Ijyb is lightly wounded.
Ijyb zaps a wand.
The roots erupt in riotous growth!
The grasping roots grab you!
Ijyb is unaffected.
The grasping roots constrict you.
You barely miss Ijyb.
Ijyb is lightly wounded.
Ijyb barely misses you. The grasping roots constrict you.
* * * LOW HITPOINT WARNING * * *
Unknown command.
You feel much better. Ijyb hits you with a +5 club.
The grasping roots constrict you.
You hit Ijyb but do no damage.
Ijyb is lightly wounded.
Ijyb hits you with a +5 club. The grasping roots constrict you!
* * * LOW HITPOINT WARNING * * *
The grasping roots release their grip on you.
Okay, then.
Okay, then.
Aiming: Quicksilver Bolt
Press: ? - help, Shift-Dir - straight line, f - Ijyb
Aim: Ijyb, wielding a +5 club, wearing a +0 ring mail and carrying a wand of roots (3) (lightly wounded, 68% to hit)
The bolt of dispelling energy hits Ijyb!
Ijyb is heavily wounded.
Ijyb zaps a wand.
The roots erupt in riotous growth!
The grasping roots grab you!
Ijyb is unaffected.
The grasping roots constrict you!
You die...

.. #.
#.####.
###.g....
$...@>#
##....#
#..!.#
#....#
#....###
+..>.†<#
#....##....
#....# .###
###### .#


You could see Ijyb.

Vanquished Creatures
  Crazy Yiuf (D:2)
  A worm (D:2)
  2 dart slugs (D:1)
  2 endoplasms
  A giant cockroach (D:1)
  4 goblins
  3 hobgoblins
  3 kobolds
  A quokka (D:1)
  5 ball pythons
  3 bats
  3 frilled lizards
  3 rats
32 creatures vanquished.

Notes
Turn   | Place    | Note
-------+----------+-------------------------------------------
     0 | D:1      | xian the Kobold Brigand began the quest for the Orb.
     0 | D:1      | Reached XP level 1. HP: 12/12 MP: 1/1
   195 | D:1      | Reached XP level 2. HP: 17/17 MP: 2/2
   315 | D:1      | Reached skill level 6 in Stealth
   411 | D:1      | Found a faded altar of an unknown god.
   717 | D:1      | Reached XP level 3. HP: 22/22 MP: 3/3
   879 | D:2      | Found an ancient bone altar of Kikubaaqudgha.
  1325 | D:2      | Found a runed translucent door.
  1328 | D:2      | Noticed Crazy Yiuf
  1333 | D:2      | Killed Crazy Yiuf
  1334 | D:2      | Reached skill level 7 in Stealth
  1334 | D:2      | Reached XP level 4. HP: 12/27 MP: 4/4
  1637 | D:3      | Noticed Ijyb
  1648 | D:3      | Constricted to death by Ijyb

Illustrated notes

Levels and vault maps discovered:
D:1:      dpeg_arrival_rooms_a, layout_loops_ring,
          shapermc_ecumenical_altar_acropolis, minmay_misc_feat_enclosed
D:2:      layout_basic, basic_altar, uniq_crazy_yiuf_cottage
D:3:      layout_basic, nicolae_overflow_hidden_temple,
          okawaru_metal_pillars_1_2, uniq_jessica, uniq_ijyb

Skill      XL: |  1  2  3 |
---------------+----------+-----
Stealth        | 6 7 |  7.1
Short Blades   | 3 |  3.2
Fighting       | |  2.4
Throwing       | |  2.5
Dodging        | |  1.3

Action                   |  1- 3 |  4- 6 || total
-------------------------+-------+-------++-------
Melee: Dagger            |    51 |    11 ||    62
Evoke: Wand              |     3 |     1 ||     4
  Use: Scroll            |     8 |       ||     8
       Potion            |       |     1 ||     1
 Stab: Sleeping          |    19 |       ||    19
Armor: Robe              |     7 |     2 ||     9
Dodge: Dodged            |    35 |     9 ||    44
